[ PARTIDA AOE2 · #494717205 ]
UnrankedBereberes vs Dravidians
Equipo del jugador · DERR
Equipo rival · VICT
[ ANÁLISIS DE REPETICIÓN · EXTRAÍDO DE LA PARTIDA GRABADA ]
Feudal
10:31
Castillos
15:27
Imperial
—
| APM promedio | 24.4 |
| APM pico | 46 |
| eAPM promedio | 18.0 |
| Aldeanos / militares | 34 / 3 |
Foco
⚔️ 38.3% · 🌾 61.7%
Camel Archer ×3
Feudal
8:26
Castillos
—
Imperial
—
| APM promedio | 49.0 |
| APM pico | 81 |
| eAPM promedio | 23.4 |
| Aldeanos / militares | 51 / 6 |
Foco
⚔️ 42.5% · 🌾 57.5%
Scout Cavalry ×6
Mapa de la partida
Recursos iniciales + cada clic de construcción. Líneas = muros · curvas = relieve. ◆ oro · ⬟ piedra · ● bayas · ✦ reliquia · ◌ hueco del cierre
Tu base· Abierta — el rival se encerró
Base de chanchanvn· Abierta — flanco sin cerrar
Terreno inicial suavizado · ◌ = hueco del cierre detectado · pasá el cursor para detalles
Inputs por minuto
— lenko - - chanchanvn
Build order — lenko
74 acciones detectadas en el replay
| 0:01 | Crear | Villager (Male) |
| 0:02 | Construir | House |
| 0:04 | Construir | House |
| 0:10 | Crear | Villager (Male) ×3 |
| 0:10 | Crear | Villager (Male) ×3 |
| 1:24 | Crear | Villager (Male) |
| 1:24 | Crear | Villager (Male) |
| 2:01 | Construir | Lumber Camp |
| 2:02 | Crear | Villager (Male) |
| 2:17 | Crear | Villager (Male) |
| 2:48 | Construir | House |
| 2:52 | Crear | Villager (Male) |
| 3:02 | Crear | Villager (Male) |
| 3:02 | Crear | Villager (Male) |
| 3:32 | Crear | Villager (Male) |
| 3:33 | Crear | Villager (Male) |
| 3:59 | Crear | Villager (Male) |
| 3:59 | Crear | Villager (Male) |
| 4:21 | Crear | Villager (Male) |
| 4:39 | Crear | Villager (Male) |
| 4:39 | Crear | Villager (Male) |
| 4:40 | Crear | Villager (Male) |
| 5:00 | Construir | House |
| 5:30 | Crear | Villager (Male) |
| 5:31 | Crear | Villager (Male) |
| 5:52 | Crear | Villager (Male) |
| 5:52 | Crear | Villager (Male) |
| 5:53 | Crear | Villager (Male) |
| 6:17 | Investigar | Loom |
| 6:28 | Construir | Mining Camp |
| 6:45 | Construir | Mill |
| 7:16 | Construir | Palisade Wall |
| 7:17 | Construir | Palisade Wall |
| 7:18 | Construir | Palisade Wall |
| 7:18 | Construir | Palisade Wall |
| 7:27 | Construir | Palisade Wall |
| 7:29 | Construir | Palisade Wall |
| 7:38 | Construir | Palisade Wall |
| 7:40 | Construir | Palisade Wall |
| 7:51 | Investigar | Feudal Age |
| 8:19 | Construir | Palisade Wall |
| 8:22 | Construir | Palisade Wall |
| 8:33 | Construir | Palisade Wall |
| 8:41 | Construir | Palisade Wall |
| 8:43 | Construir | Palisade Wall |
| 8:44 | Construir | Palisade Wall |
| 8:49 | Construir | Palisade Wall |
| 8:57 | Crear | Villager (Male) |
| 8:57 | Crear | Villager (Male) |
| 9:51 | Construir | House |
| 10:31 | Edad | Edad Feudal |
| 10:37 | Construir | Market |
| 10:38 | Construir | Blacksmith |
| 11:18 | Construir | Palisade Wall |
| 11:20 | Construir | Palisade Wall |
| 12:47 | Investigar | Castle Age |
| 12:48 | Investigar | Castle Age |
| 12:59 | Construir | Palisade Wall |
| 13:16 | Construir | Farm |
| 13:23 | Construir | Farm |
| 13:27 | Construir | Farm |
| 13:44 | Construir | Mining Camp |
| 13:54 | Crear | Villager (Male) |
| 15:15 | Investigar | Fletching |
| 15:27 | Edad | Edad de los Castillos |
| 15:29 | Construir | Castle |
| 15:34 | Crear | Villager (Male) |
| 16:28 | Crear | Villager (Male) |
| 16:32 | Construir | Farm |
| 17:27 | Crear | Camel Archer |
| 17:27 | Crear | Camel Archer |
| 17:43 | Crear | Villager (Male) |
| 17:43 | Crear | Villager (Male) |
| 18:07 | Crear | Camel Archer |
Build order — chanchanvn
139 acciones detectadas en el replay
| 0:00 | Crear | Villager (Male) |
| 0:01 | Crear | Villager (Male) |
| 0:02 | Construir | House |
| 0:04 | Construir | House |
| 0:17 | Crear | Villager (Male) |
| 0:17 | Crear | Villager (Male) |
| 1:24 | Crear | Villager (Male) |
| 1:53 | Construir | Lumber Camp |
| 2:03 | Crear | Villager (Male) |
| 2:03 | Crear | Villager (Male) |
| 2:18 | Crear | Villager (Male) |
| 2:52 | Crear | Villager (Male) |
| 2:52 | Crear | Villager (Male) |
| 2:52 | Crear | Villager (Male) |
| 3:19 | Crear | Villager (Male) |
| 3:20 | Crear | Villager (Male) |
| 3:45 | Crear | Villager (Male) |
| 3:45 | Crear | Villager (Male) |
| 3:51 | Construir | House |
| 4:08 | Crear | Villager (Male) |
| 4:11 | Crear | Villager (Male) |
| 4:11 | Crear | Villager (Male) |
| 4:28 | Construir | Mill |
| 4:45 | Construir | House |
| 4:50 | Crear | Villager (Male) |
| 4:50 | Crear | Villager (Male) |
| 4:52 | Crear | Villager (Male) |
| 4:52 | Crear | Villager (Male) |
| 4:52 | Crear | Villager (Male) |
| 5:10 | Crear | Villager (Male) |
| 5:12 | Investigar | Loom |
| 6:16 | Investigar | Feudal Age |
| 6:16 | Investigar | Feudal Age |
| 6:38 | Construir | House |
| 7:36 | Construir | Barracks |
| 7:46 | Crear | Villager (Male) |
| 8:26 | Edad | Edad Feudal |
| 8:35 | Construir | Stable |
| 8:41 | Crear | Villager (Male) |
| 8:50 | Crear | Villager (Male) |
| 8:53 | Investigar | Double-Bit Axe |
| 8:53 | Investigar | Double-Bit Axe |
| 8:58 | Construir | House |
| 9:02 | Crear | Villager (Male) |
| 9:14 | Crear | Scout Cavalry |
| 9:17 | Crear | Villager (Male) |
| 9:25 | Construir | Mining Camp |
| 9:31 | Crear | Villager (Male) |
| 9:41 | Construir | House |
| 9:46 | Crear | Scout Cavalry |
| 9:53 | Construir | Palisade Wall |
| 10:01 | Construir | Palisade Wall |
| 10:02 | Construir | Palisade Wall |
| 10:03 | Construir | Palisade Wall |
| 10:07 | Crear | Villager (Male) |
| 10:11 | Construir | House |
| 10:22 | Construir | Watch Tower |
| 10:25 | Crear | Scout Cavalry |
| 10:44 | Construir | House |
| 10:46 | Crear | Villager (Male) |
| 10:56 | Crear | Scout Cavalry |
| 11:06 | Construir | Farm |
| 11:19 | Construir | Palisade Gate |
| 11:56 | Construir | Watch Tower |
| 11:57 | Crear | Villager (Male) |
| 11:58 | Crear | Villager (Male) |
| 11:59 | Construir | Farm |
| 12:05 | Investigar | Horse Collar |
| 12:05 | Investigar | Horse Collar |
| 12:24 | Construir | Watch Tower |
| 12:25 | Crear | Villager (Male) |
| 12:27 | Crear | Villager (Male) |
| 12:29 | Construir | House |
| 12:31 | Construir | Stone Wall |
| 12:32 | Construir | Stone Wall |
| 12:34 | Crear | Villager (Male) |
| 12:43 | Crear | Scout Cavalry |
| 12:49 | Construir | Palisade Wall |
| 12:51 | Construir | Palisade Wall |
| 12:53 | Construir | Palisade Wall |
| 13:08 | Construir | Palisade Wall |
| 13:09 | Construir | Palisade Wall |
| 13:17 | Crear | Villager (Male) |
| 13:19 | Construir | Farm |
| 13:29 | Construir | Palisade Wall |
| 13:30 | Construir | Palisade Wall |
| 13:31 | Construir | Palisade Wall |
| 13:32 | Construir | Palisade Wall |
| 13:37 | Construir | Outpost |
| 13:40 | Crear | Villager (Male) |
| 13:43 | Construir | Farm |
| 13:55 | Construir | Watch Tower |
| 13:58 | Crear | Villager (Male) |
| 14:28 | Crear | Villager (Male) |
| 14:31 | Construir | Farm |
| 14:35 | Construir | Farm |
| 14:55 | Construir | Palisade Wall |
| 14:55 | Construir | Palisade Wall |
| 14:56 | Construir | Palisade Wall |
| 14:57 | Construir | Palisade Wall |
| 14:57 | Construir | Palisade Wall |
| 14:58 | Construir | Palisade Wall |
| 15:01 | Construir | Watch Tower |
| 15:05 | Crear | Villager (Male) |
| 15:05 | Crear | Villager (Male) |
| 15:12 | Crear | Scout Cavalry |
| 15:17 | Construir | Palisade Wall |
| 15:18 | Construir | Palisade Wall |
| 15:19 | Construir | Palisade Wall |
| 15:20 | Construir | Palisade Wall |
| 15:28 | Construir | Farm |
| 16:12 | Construir | Barracks |
| 16:14 | Construir | House |
| 16:24 | Construir | Watch Tower |
| 16:49 | Construir | Stone Wall |
| 16:50 | Construir | Stone Wall |
| 16:51 | Construir | Stone Wall |
| 16:54 | Crear | Villager (Male) |
| 16:55 | Crear | Villager (Male) |
| 16:55 | Crear | Villager (Male) |
| 16:58 | Construir | Farm |
| 17:02 | Construir | House |
| 17:06 | Construir | Farm |
| 17:07 | Construir | Farm |
| 17:16 | Crear | Villager (Male) |
| 17:18 | Construir | Farm |
| 17:19 | Crear | Villager (Male) |
| 17:22 | Construir | Farm |
| 17:23 | Construir | Farm |
| 17:30 | Construir | Palisade Wall |
| 17:43 | Construir | Palisade Wall |
| 17:44 | Construir | Palisade Wall |
| 17:45 | Construir | Palisade Wall |
| 17:51 | Construir | Palisade Wall |
| 17:56 | Crear | Villager (Male) |
| 17:57 | Crear | Villager (Male) |
| 17:58 | Construir | Farm |
| 18:04 | Construir | Mining Camp |
| 18:29 | Crear | Villager (Male) |
Cronología de la partida
| 7:16 | lenko · wall_segment Palisade Wall x1 |
| 7:17 | lenko · wall_segment Palisade Wall x1 |
| 7:18 | lenko · wall_segment Palisade Wall x1 |
| 7:18 | lenko · wall_segment Palisade Wall x1 |
| 7:27 | lenko · wall_segment Palisade Wall x1 |
| 7:29 | lenko · wall_segment Palisade Wall x4 |
| 7:36 | chanchanvn · first_building Barracks |
| 7:38 | lenko · wall_segment Palisade Wall x3 |
| 7:40 | lenko · wall_segment Palisade Wall x2 |
| 8:19 | lenko · wall_segment Palisade Wall x1 |
| 8:22 | lenko · wall_segment Palisade Wall x1 |
| 8:26 | chanchanvn · age_up feudal |
| 8:33 | lenko · wall_segment Palisade Wall x1 |
| 8:35 | chanchanvn · first_building Stable |
| 8:41 | lenko · wall_segment Palisade Wall x1 |
| 8:43 | lenko · wall_segment Palisade Wall x1 |
| 8:44 | lenko · wall_segment Palisade Wall x1 |
| 8:49 | lenko · wall_segment Palisade Wall x1 |
| 9:53 | chanchanvn · wall_segment Palisade Wall x1 |
| 10:01 | chanchanvn · wall_segment Palisade Wall x1 |
| 10:02 | chanchanvn · wall_segment Palisade Wall x1 |
| 10:03 | chanchanvn · wall_segment Palisade Wall x1 |
| 10:31 | lenko · age_up feudal |
| 11:18 | lenko · wall_segment Palisade Wall x1 |
| 11:20 | lenko · wall_segment Palisade Wall x1 |
| 11:37 | lenko · first_market_sell 100 wood |
| 12:31 | chanchanvn · wall_segment Stone Wall x7 |
| 12:32 | chanchanvn · wall_segment Stone Wall x5 |
| 12:49 | chanchanvn · wall_segment Palisade Wall x1 |
| 12:51 | chanchanvn · wall_segment Palisade Wall x10 |
| 12:53 | chanchanvn · wall_segment Palisade Wall x9 |
| 12:59 | lenko · wall_segment Palisade Wall x1 |
| 13:08 | chanchanvn · wall_segment Palisade Wall x2 |
| 13:09 | chanchanvn · wall_segment Palisade Wall x3 |
| 13:29 | chanchanvn · wall_segment Palisade Wall x1 |
| 13:30 | chanchanvn · wall_segment Palisade Wall x1 |
| 13:31 | chanchanvn · wall_segment Palisade Wall x2 |
| 13:32 | chanchanvn · wall_segment Palisade Wall x2 |
| 14:37 | lenko · first_market_buy 100 stone |
| 14:55 | chanchanvn · wall_segment Palisade Wall x2 |
| 14:55 | chanchanvn · wall_segment Palisade Wall x2 |
| 14:56 | chanchanvn · wall_segment Palisade Wall x2 |
| 14:57 | chanchanvn · wall_segment Palisade Wall x3 |
| 14:57 | chanchanvn · wall_segment Palisade Wall x2 |
| 14:58 | chanchanvn · wall_segment Palisade Wall x1 |
| 15:17 | chanchanvn · wall_segment Palisade Wall x1 |
| 15:18 | chanchanvn · wall_segment Palisade Wall x1 |
| 15:19 | chanchanvn · wall_segment Palisade Wall x3 |
| 15:20 | chanchanvn · wall_segment Palisade Wall x1 |
| 15:27 | lenko · age_up castle |
| 15:29 | lenko · first_building Castle |
| 16:49 | chanchanvn · wall_segment Stone Wall x1 |
| 16:50 | chanchanvn · wall_segment Stone Wall x1 |
| 16:51 | chanchanvn · wall_segment Stone Wall x1 |
| 17:30 | chanchanvn · wall_segment Palisade Wall x1 |
| 17:43 | chanchanvn · wall_segment Palisade Wall x2 |
| 17:44 | chanchanvn · wall_segment Palisade Wall x1 |
| 17:45 | chanchanvn · wall_segment Palisade Wall x2 |
| 17:51 | chanchanvn · wall_segment Palisade Wall x1 |
| 18:37 | lenko · resign |
[ ANÁLISIS IA · 1 CRÉDITO ]
¿Qué pasó realmente en esta partida?
Wolo.gg analiza cada decisión: build order, eco, micro, errores típicos por bracket. Análisis personalizado por WhatsApp o Discord en 30 segundos.
Guía civ
Bereberes
Perfil
lenko